 Dungeon Crawl Stone Soup version 0.29.1-1-gd02db6906a (webtiles) character file.

Game seed: 12232211826285338331

1708 cdecastro the Martial Artist (level 8, -12/58 HPs)
             Began as a Demigod Transmuter on Oct 18, 2022.
             Killed from afar by Joseph (21 damage)
             ... with a bolt of dispelling energy
             ... on level 7 of the Dungeon on Oct 19, 2022.
             The game lasted 00:18:17 (7958 turns).

cdecastro the Martial Artist (Demigod Transmuter)   Turns: 7958, Time: 00:18:18

Health: -12/58     AC:  5    Str: 11    XL:     8   Next: 45%
Magic:  12/13      EV: 12    Int: 23    God:
Gold:   288        SH:  0    Dex: 20    Spells: 9/10 levels left

rFire   + . .      SeeInvis +     - Unarmed
rCold   . . .      Faith    .   s - orb {*Rage}
rNeg    . . .      Spirit   .   v - +2 leather armour of the Buccaneer {Dex+6}
rPois   .          Reflect  .   (helmet currently unavailable)
rElec   .          Harm     .   (no cloak)
rCorr   .          Rampage  .   (no gloves)
Will    .....      Rage     20% (boots currently unavailable)
Stlth   +.........              y - amulet of the acrobat
HPRegen 0.19/turn               A - ring of protection from fire
MPRegen 0.13/turn               E - ring of see invisible

@: appendages (expiring), on berserk cooldown
A: horns 2, talons 2, high MP 1, forlorn, divine attributes
a: End Transformation


You were on level 7 of the Dungeon.
You had temporarily grown beastly horns and talons.
You visited 2 branches of the dungeon, and saw 8 of its levels.

You collected 288 gold pieces.

Inventory:

Missiles
 c - 15 poisoned darts
 f - 63 stones
 h - 4 boomerangs (quivered)
 k - 2 throwing nets
Armour
 a - a +0 robe
 s - an orb of wrath (worn)
 v - the +2 leather armour of the Buccaneer (worn) {Dex+6}
   (You found it on level 3 of the Dungeon)

   Dex:       It affects your dexterity (+6).
 F - a +3 ring mail of fire resistance
Magical Staves
 e - a staff of conjuration
 o - a staff of earth
 C - a staff of death
Jewellery
 y - an amulet of the acrobat (around neck)
 A - a ring of protection from fire (left hand)
 E - a ring of see invisible (right hand)
 G - an amulet of reflection
Wands
 z - a wand of flame (15)
Scrolls
 n - 2 scrolls of poison {unknown}
 p - 2 scrolls of fear {unknown}
 q - 2 scrolls of vulnerability {unknown}
 r - a scroll of brand weapon {unknown}
 t - 2 scrolls of teleportation {unknown}
 u - a scroll of amnesia {unknown}
 w - 3 scrolls of enchant armour {unknown}
 B - a scroll of silence {unknown}
 D - 2 scrolls of magic mapping {unknown}
 H - 4 scrolls of enchant weapon {unknown}
 I - a scroll of noise {unknown}
 J - a scroll of summoning {unknown}
Potions
 d - 2 potions of flight {unknown}
 g - a potion of brilliance {unknown}
 i - a potion of magic {unknown}
 j - a potion of mutation {unknown}
 l - 3 potions of heal wounds
 m - 2 potions of attraction
 x - 3 potions of curing


   Skills:
 - Level 0.8 Fighting
 - Level 1.7 Dodging
 * Level 8.9 Unarmed Combat
 - Level 1.7 Spellcasting
 + Level 6.1 Transmutations


You had 9 spell levels left.
You knew the following spells:

 Your Spells              Type           Power      Damage    Failure   Level
a - Beastly Appendage     Tmut           60%        N/A       1%          1

Your spell library contained the following spells:

 Spells                   Type           Power      Damage    Failure   Level
 Wereblood                Tmut           30%        N/A       1%          2
 Spider Form              Tmut/Pois      16%        N/A       14%         3
 Apportation              Tloc           4%         N/A       17%         1
 Ignite Poison            Fire/Tmut/Pois 11%        N/A       22%         3
 Ice Form                 Ice/Tmut       16%        N/A       43%         4
 Conjure Flame            Conj/Fire      2%         6-21      45%         3
 Lesser Beckoning         Tloc           2%         N/A       45%         3
 Sticky Flame             Conj/Fire      2%         2d3       86%         4
 Dispersal                Tloc           1%         N/A       100%        6
 Simulacrum               Ice/Necr       1%         N/A       100%        6


Dungeon Overview and Level Annotations

Branches:
Dungeon (7/15)             Temple (1/1) D:6

Annotations:
D:2 1 runed translucent door, Crazy Yiuf
D:7 Joseph


Innate Abilities, Weirdness & Mutations

You have temporarily grown beastly horns and talons.
You have an increased reservoir of magic. (+10% MP)
You shall have no god before yourself.
Your divine heritage dramatically boosts your attributes as you level up.


Message History

Casting: Beastly Appendage (safe; 1% risk of failure)
Confirm with . or Enter, or press ? or * to list all spells.
You grow a pair of large bovine horns.
Your feet morph into talons.
You feel yourself speed up.
Joseph hits you with a +2 vorpal quarterstaff!!
Unknown command.
You hit Joseph. You claw Joseph, but do no damage.
Joseph is lightly wounded.
Joseph zaps a wand.
The bolt of dispelling energy hits you!
Your magical effects are unravelling.
* * * LOW HITPOINT WARNING * * *
You closely miss Joseph. You claw Joseph, but do no damage.
Joseph is lightly wounded.
Your horns disappear.
Your talons disappear.
Joseph barely misses you.
You hit Joseph but do no damage.
Joseph is lightly wounded.
Joseph hits you with a +2 vorpal quarterstaff!
* * * LOW HITPOINT WARNING * * *
x2 Unknown command.
You closely miss Joseph.
Joseph is lightly wounded.
Unknown command.
You barely miss Joseph.
Joseph is lightly wounded.
Joseph closely misses you.
Unknown command.
Press: ? - help, v - describe, . - travel
Here: Joseph, wielding a +2 vorpal quarterstaff, wearing a +4 ring mail of fire resistance and carrying a wand of quicksilver (9) (lightly wounded)
The floor.
Unknown command.
Okay, then.
Unknown command.
Casting: Beastly Appendage (safe; 1% risk of failure)
Confirm with . or Enter, or press ? or * to list all spells.
You grow a pair of large bovine horns.
Your feet morph into talons.
Joseph zaps a wand.
The bolt of dispelling energy hits you!!
Your magical effects are unravelling.
You die...

#.....#
####.## ..#
#.# ....
#.# #..##
#.# ....
#.# #..###
#.# .....#
#.####@.###
#.##.@..._#
#.###8..8##
#.......##
#########


You could see Joseph.

Vanquished Creatures
  Duvessa (D:5)
  2 ice beasts (D:6)
  2 black bears (D:5)
  2 ogres
  A centaur (D:7)
  A bullfrog (D:7)
  A kobold brigand (D:5)
  2 necrophages (D:6)
  Dowan (D:5)
  A hound (D:6)
  7 jellies (D:6)
  2 iguanas (D:6)
  3 orc wizards (D:6)
  5 gnolls
  8 adders
  A shadow imp (D:5)
  3 white imps (D:6)
  An ufetubus (D:6)
  2 worms
  4 dart slugs
  7 orcs
  6 endoplasms
  8 giant cockroaches
  15 goblins
  10 hobgoblins
  5 jackals
  7 quokkas
  5 ball pythons
  6 bats
  6 frilled lizards (D:1)
  11 kobolds
  6 rats
142 creatures vanquished.

Vanquished Creatures (others)
  A plant (D:4)
1 creature vanquished.

Grand Total: 143 creatures vanquished

Notes
Turn   | Place    | Note
-------+----------+-------------------------------------------
     0 | D:1      | cdecastro the Demigod Transmuter began the quest for the
                  | Orb.
     0 | D:1      | Reached XP level 1. HP: 15/15 MP: 5/5
    63 | D:1      | Reached skill level 3 in Unarmed Combat
   159 | D:1      | Reached XP level 2. HP: 21/22 MP: 5/7
  1046 | D:1      | Reached XP level 3. HP: 27/27 MP: 6/8
  1734 | D:2      | Found a runed translucent door.
  1735 | D:2      | Noticed Crazy Yiuf
  2164 | D:2      | Reached skill level 4 in Unarmed Combat
  2178 | D:2      | Noticed a phantom
  2460 | D:2      | Reached XP level 4. HP: 34/34 MP: 7/9
  2777 | D:3      | Got Xoerurgh's Atlas of Twisted Graupel
  2996 | D:3      | Identified the +2 leather armour of the Buccaneer {Dex+6}
  3836 | D:4      | Reached XP level 5. HP: 39/39 MP: 10/10
  4142 | D:4      | Reached skill level 5 in Unarmed Combat
  4724 | D:5      | Entered Level 5 of the Dungeon
  4841 | D:5      | Noticed a black bear
  4855 | D:5      | Noticed a black bear
  4952 | D:5      | Noticed an ogre
  4964 | D:5      | Killed an ogre
  5040 | D:5      | Reached XP level 6. HP: 46/46 MP: 11/11
  5277 | D:5      | Reached skill level 6 in Unarmed Combat
  5442 | D:5      | Noticed Duvessa
  5442 | D:5      | Noticed Dowan
  5495 | D:5      | Killed Duvessa
  5496 | D:5      | Reached XP level 7. HP: 51/51 MP: 10/12
  5502 | D:5      | Killed Dowan
  5950 | D:6      | Reached skill level 7 in Unarmed Combat
  5963 | D:6      | Reached skill level 5 in Transmutations
  6843 | D:6      | Reached XP level 8. HP: 58/58 MP: 13/13
  6932 | D:6      | Reached skill level 8 in Unarmed Combat
  7170 | D:6      | Found a staircase to the Ecumenical Temple.
  7197 | Temple   | Entered the Ecumenical Temple
  7949 | D:7      | Noticed Joseph
  7958 | D:7      | Killed from afar by Joseph

Illustrated notes

Levels and vault maps discovered:
D:1:      dpeg_arrival_castle, layout_loops_ring,
          hellmonk_ecumenical_altar_defaced_shrine,
          corexii_item_surrounded_by_moat
D:2:      kennysheep_the_goblin_king, layout_rooms, uniq_crazy_yiuf_cottage
D:3:      minmay_recursive_quarters, layout_loops_cross,
          gammafunk_temple_overflow_claw
D:4:      layout_loops_ring, ashenzari_altar_1, serial_forest,
          infiniplex_forest_lined_4_way, infiniplex_forest_lined_corner,
          infiniplex_forest_end_2, infiniplex_forest_clump_long,
          infiniplex_forest_end_1, infiniplex_forest_end_2,
          infiniplex_forest_clump_curved, infiniplex_forest_clump_small
D:5:      layout_cave_pools, uniq_duvessa
D:6:      layout_layer_cave, mainiacjoe_overflow_24_doors,
          minmay_temple_entry_tees
D:7:      layout_basic, minitemple, fedhas_bush_and_centaur_altar,
          old_standard_altar, enter_ossuary_4, minmay_manual_monstrance,
          uniq_joseph
Temple:   corrupted_temple

Skill      XL: |  1  2  3  4  5  6  7  8 |
---------------+-------------------------+-----
Unarmed Combat | 3 4 5 6 7 8 |  8.9
Transmutations | 2 3 4 5 6 |  6.1
Fighting       | |  0.8
Dodging        | |  1.7
Spellcasting   | |  1.7

Action                   |  1- 3 |  4- 6 |  7- 9 || total
-------------------------+-------+-------+-------++-------
Melee: Unarmed           |   152 |   105 |   115 ||   372
       Kick              |    43 |    22 |    29 ||    94
       Headbutt          |    17 |    20 |    13 ||    50
       Punch             |     4 |       |       ||     4
Throw: Boomerang         |     2 |    12 |       ||    14
 Cast: Beastly Appendage |    34 |    20 |    19 ||    73
  Use: Scroll            |       |     4 |       ||     4
       Potion            |       |       |     2 ||     2
 Stab: Sleeping          |       |     1 |       ||     1
Armor: Robe              |    25 |     3 |       ||    28
       Leather armour    |       |    23 |    19 ||    42
       Skin              |       |       |     1 ||     1
Dodge: Dodged            |   132 |    52 |    71 ||   255
